 Dungeon Crawl Stone Soup version 0.30-b1-2-g02819fbbbe (webtiles) character file.

Game seed: 11658661765983499442

5184 Mesmaeker13 the Covert (level 10, -10/44 HPs)
             Began as a Vine Stalker Necromancer on May 31, 2023.
             Was a Believer of Kikubaaqudgha.
             Mangled by a two-headed ogre
             ... wielding a +0 giant club of flaming
              (24 damage)
             ... in a volcano.
             The game lasted 00:17:05 (8980 turns).

Mesmaeker13 the Covert (Vine Stalker Necromancer)   Turns: 8980, Time: 00:17:06

Health: -10/44     AC:  4    Str:  9    XL:     10   Next: 60%
Magic:  0/23       EV: 12    Int: 19    God:    Kikubaaqudgha [**....]
Gold:   456        SH:  7    Dex: 21    Spells: 13/25 levels left

rFire   + + +        o - +9 dagger of Hale {venom, rF+++ rN++ Str-2}
rCold   . . .        m - +0 buckler
rNeg    + + .        F - +0 robe {rF+}
rPois   +            f - +0 helmet
rElec   .            v - +0 cloak
rCorr   .            (no gloves)
SInv    .            (no boots)
Will    +....        D - amulet of magic regeneration
Stlth   +++++        p - ring of poison resistance
HPRegen 1.07/turn    G - +6 ring of dexterity
MPRegen 0.58/turn

%: guardian spirit
@: animating dead
A: fangs 3, regeneration 1, magic shield, antimagic bite, no potion heal 2
a: Renounce Religion, Unearth Wretches


You were in a volcano.
You worshipped Kikubaaqudgha.
Kikubaaqudgha was pleased with you.
You visited 3 branches of the dungeon, and saw 11 of its levels.
You also visited: Volcano.

You collected 456 gold pieces.

Inventory:

Hand Weapons
 o - the +9 dagger of Hale (weapon) {venom, rF+++ rN++ Str-2}
   (You found it on level 2 of the Dungeon)

   Str:       It affects your strength (-2).
   rF:        It renders you almost immune to fire.
   rN:        It greatly protects you from negative energy.
 t - a +2 short sword of holy wrath
 u - a +0 dagger of pain
Missiles
 y - 23 poisoned darts (quivered)
 K - a curare-tipped dart
Armour
 f - a +0 helmet (worn)
 i - a +0 kite shield
 m - a +0 buckler (worn)
 v - a +0 cloak (worn)
 F - a +0 robe of fire resistance (worn)
Magical Staves
 c - a staff of air
Jewellery
 p - a ring of poison resistance (left hand)
 q - an amulet of the acrobat
 A - a ring of protection from fire
 D - an amulet of magic regeneration (around neck)
 G - a +6 ring of dexterity (right hand)
 M - a +4 ring of protection
Scrolls
 d - a scroll of silence {unknown}
 e - a scroll of torment
 h - 2 scrolls of enchant armour
 j - 2 scrolls of fog
 l - a scroll of amnesia
 n - 4 scrolls of enchant weapon
 w - 3 scrolls of noise
 x - 5 scrolls of immolation
 B - a scroll of teleportation
 C - 2 scrolls of acquirement {unknown}
 H - 3 scrolls of vulnerability
 N - a scroll of magic mapping {unknown}
Potions
 b - 3 potions of magic
 g - 3 potions of curing
 k - 2 potions of degeneration {unknown}
 r - 2 potions of heal wounds
 s - a potion of resistance {unknown}
 z - 3 potions of might
 I - a potion of haste
 L - a potion of lignification {unknown}


   Skills:
 - Level 2.1 Dodging
 + Level 10.3 Stealth
 + Level 6.8 Shields
 + Level 8.0 Spellcasting
 + Level 8.8 Necromancy


You had 13 spell levels left.
You knew the following spells:

 Your Spells              Type           Power      Damage    Failure   Level
a - Agony                 Necr           41%        N/A       10%         5
b - Vampiric Draining     Necr           41%        2d8       1%          3
c - Animate Dead          Necr           41%        N/A       3%          4

Your spell library contained the following spells:

 Spells                   Type           Power      Damage    Failure   Level
 Necrotise                Necr           100%       1d9       1%          1
 Sublimation of Blood     Necr           41%        N/A       1%          2
 Cigotuvi's Dreadful Rot  Necr/Pois/Air  36%        N/A       6%          2
 Apportation              Tloc           14%        N/A       13%         1
 Summon Small Mammal      Summ           28%        N/A       13%         1
 Blink                    Tloc           14%        N/A       19%         2
 Lesser Beckoning         Tloc           14%        N/A       19%         2
 Momentum Strike          Conj/Tloc      14%        3d8       19%         2
 Gell's Gravitas          Tloc           7%         N/A       36%         3
 Inner Flame              Hex/Fire       7%         N/A       36%         3
 Teleport Other           Tloc           7%         N/A       36%         3
 Flame Wave               Conj/Fire      7%         2d5       77%         4
 Sticky Flame             Conj/Fire      7%         2d3       77%         4
 Dispersal                Tloc           3%         N/A       100%        6


Dungeon Overview and Level Annotations

Branches:
Dungeon (9/15)             Temple (1/1) D:4            Lair (1/5) D:8
Volcano (1/1)
    Orc: D:9-12

Altars:
Ashenzari
Cheibriados
Dithmenos
Elyvilon
Gozag
Hepliaklqana
Kikubaaqudgha
Makhleb
Nemelex Xobeh
Okawaru
Qazlal
Ru
Sif Muna
Trog
Uskayaw
Vehumet
Wu Jian
Xom
Yredelemnul
Zin
The Shining One

Annotations:
D:9 Grum Volcano 1 exclusion


Innate Abilities, Weirdness & Mutations

You have razor-sharp teeth.
Your natural rate of healing is unusually fast.
When hurt, damage is shared between your health and your magic reserves.
Your bite disrupts and absorbs the magic of your enemies.
Potions cannot restore your health.


Message History

You bite the two-headed ogre.
You kill the two-headed ogre!
Kikubaaqudgha accepts your kill.
The dead are walking!
Something hits your two-headed ogre zombie!
Your Spellcasting skill increases to level 8!
Aiming: Charm
Press: ? - help, Shift-Dir - straight line, f - two-headed ogre
Aim: a two-headed ogre, wielding two +0 giant clubs of flaming (lightly wounded, covered in acid, chance to affect: 31%)
The two-headed ogre easily resists.
The two-headed ogre closely misses you.
The two-headed ogre hits you with a +0 giant club of flaming!!
The two-headed ogre burns you. The red draconian breathes fire at you.
The searing blast hits you. You resist.
You hear two shouts!
Aiming: Charm
Press: ? - help, Shift-Dir - straight line, f - red draconian
Aim: a red draconian, wielding a +3 scimitar of flaming and wearing a +0 cloak (catching its breath, chance to affect: 31%)
The red draconian easily resists.
You are engulfed in blazing flames.
You resist.
Unknown command.
Aiming: Charm
Press: ? - help, Shift-Dir - straight line, f/p - red draconian
Aim: a red draconian, wielding a +3 scimitar of flaming and wearing a +0 cloak (catching its breath, chance to affect: 31%)
The red draconian easily resists.
The now-empty wand crumbles to dust.
You are engulfed in blazing flames.
You resist.
* * * LOW HITPOINT WARNING * * *
Aiming: Iceblast
Press: ? - help, Shift-Dir - straight line, f/p - red draconian
Aim: a red draconian, wielding a +3 scimitar of flaming and wearing a +0 cloak (catching its breath)
The mass of ice explodes!
The iceblast engulfs the red draconian!
The red draconian is lightly wounded.
The now-empty wand crumbles to dust.
The air gets thick with the scent of sulphur.
You are engulfed in blazing flames.
You resist.
* * * LOW HITPOINT WARNING * * *
The two-headed ogre hits you with a +0 giant club of flaming!!
Ouch! That really hurt!
You die...
Kikubaaqudgha rasps: "You have failed me!
Welcome... death!"

#.............#.## ###
#....≈≈≈§≈≈....###
#...≈§≈≈≈≈≈≈≈§....##
#...≈≈§≈≈≈§≈≈§§≈§...#
#...≈§≈§≈≈≈≈≈≈§§.§..##
#..§≈§≈≈≈§≈≈≈§§≈≈....#
#.....§≈≈≈≈≈≈§§§....### §
........≈≈≈§≈§§§...d..###
∩O ..§.§.§§O@..###..##§d§
#######.##### ###..# ##)#
#### .# #Z [. .[≈ ≈≈≈
≈≈##


You could see a red draconian (catching breath) and a two-headed ogre
(corroded).

Vanquished Creatures
  A two-headed ogre (Volcano)
  Pikel (D:8)
  A komodo dragon (Lair:1)
  4 yaks (D:8)
  2 sky beasts
  2 black bears
  An ice beast (D:6)
  3 centaurs
  3 ogres
  A phantom (D:4)
  2 bullfrogs
  2 kobold brigands
  2 scorpions
  A wight (D:8)
  10 killer bees
  A jelly (D:6)
  3 orc priests
  A gnoll bouda (D:7)
  Natasha (thrice) (D:4)
  4 iguanas
  2 sleepcaps
  2 orc wizards (D:6)
  4 gnolls (D:7)
  2 adders
  2 shadow imps
  A white imp (D:6)
  An ufetubus (D:5)
  3 dart slugs
  18 orcs
  3 ball pythons
  8 endoplasms
  A giant cockroach (D:4)
  6 goblins
  9 hobgoblins
  5 jackals (D:2)
  3 quokkas
  6 bats
  2 frilled lizards (D:2)
  18 kobolds
  5 rats
149 creatures vanquished.

Vanquished Creatures (collateral kills)
  2 yaks (D:8)
  A black bear (D:7)
  A lemure (D:8)
  2 bullfrogs (D:8)
  3 wights (D:8)
  3 killer bees
  An endoplasm (D:1)
  A goblin (D:1)
  A kobold (D:8)
15 creatures vanquished.

Vanquished Creatures (others)
  A komodo dragon (D:8)
  3 yak zombies (D:8)
  A killer bee (D:7)
  A bullfrog zombie (D:8)
  An orc zombie (D:8)
  7 plants (D:8)
14 creatures vanquished.

Grand Total: 178 creatures vanquished

Notes
Turn   | Place    | Note
-------+----------+-------------------------------------------
     0 | D:1      | Mesmaeker13 the Vine Stalker Necromancer began the quest
                  | for the Orb.
     0 | D:1      | Reached XP level 1. HP: 9/9 MP: 4/4
   224 | D:1      | Reached XP level 2. HP: 13/13 MP: 4/6
   356 | D:1      | Found a faded altar of an unknown god.
   748 | D:1      | Reached skill level 3 in Stealth
   826 | D:1      | Reached XP level 3. HP: 15/16 MP: 2/7
  1185 | D:2      | Identified the +9 dagger of Hale {venom, rF+++ rN++ Str-2}
  1502 | D:2      | Gained mutation: Your natural rate of healing is unusually
                  | fast. [Vine Stalker growth]
  1502 | D:2      | Reached XP level 4. HP: 21/21 MP: 4/9
  1613 | D:2      | Found a shadowy altar of Dithmenos.
  2007 | D:2      | Learned a level 3 spell: Vampiric Draining
  2106 | D:3      | Reached skill level 1 in Shields
  2256 | D:3      | Reached XP level 5. HP: 24/24 MP: 7/10
  3008 | D:4      | Reached skill level 4 in Stealth
  3174 | D:4      | Learned a level 4 spell: Animate Dead
  3252 | D:4      | Noticed Natasha
  3260 | D:4      | Killed Natasha
  3270 | D:4      | Found a staircase to the Ecumenical Temple.
  3272 | D:4      | Noticed Natasha
  3281 | D:4      | Killed Natasha
  3288 | Temple   | Entered the Ecumenical Temple
  3608 | Temple   | Became a worshipper of Kikubaaqudgha
  3710 | D:4      | Found a bloodstained altar of Trog.
  3879 | D:4      | Noticed Natasha
  3886 | D:4      | Killed Natasha
  3887 | D:4      | Reached skill level 5 in Necromancy
  3887 | D:4      | Reached XP level 6. HP: 28/28 MP: 10/12
  4064 | D:4      | Found a shadowy altar of Dithmenos.
  4726 | D:5      | Entered Level 5 of the Dungeon
  4856 | D:5      | Reached skill level 5 in Stealth
  4908 | D:5      | Reached XP level 7. HP: 32/32 MP: 12/14
  5875 | D:6      | Reached skill level 6 in Stealth
  5995 | D:6      | Found a sparkling altar of Nemelex Xobeh.
  6040 | D:6      | Reached * piety under Kikubaaqudgha
  6040 | D:6      | Received a gift from Kikubaaqudgha
  6041 | D:6      | Gained mutation: You have razor-sharp teeth. [Vine Stalker
                  | growth]
  6041 | D:6      | Reached XP level 8. HP: 36/36 MP: 16/16
  6242 | D:6      | Reached skill level 5 in Spellcasting
  6646 | D:7      | Reached skill level 7 in Stealth
  6722 | D:7      | Found a glowing silver altar of Zin.
  7171 | D:7      | Reached XP level 9. HP: 39/39 MP: 18/18
  7236 | D:7      | Reached skill level 8 in Stealth
  7243 | D:7      | Reached skill level 5 in Shields
  7416 | D:7      | Identified the +1 scale mail "Rit Metump" {rF++ Will-
                  | Int+3}
  8006 | D:8      | Reached ** piety under Kikubaaqudgha
  8007 | D:8      | Reached skill level 9 in Stealth
  8011 | D:8      | Reached XP level 10. HP: 35/44 MP: 15/21
  8187 | D:8      | Found a staircase to the Lair.
  8194 | D:8      | Noticed Pikel
  8217 | D:8      | Killed Pikel
  8657 | D:8      | Found a snail-covered altar of Cheibriados.
  8807 | D:9      | Noticed Grum
  8835 | Lair:1   | Entered Level 1 of the Lair of Beasts
  8843 | Lair:1   | Learned a level 5 spell: Agony
  8866 | Lair:1   | Found a dark tunnel.
  8882 | Lair:1   | Reached skill level 10 in Stealth
  8903 | Volcano  | Entered a volcano
  8953 | Volcano  | Noticed a two-headed ogre
  8953 | Volcano  | Noticed a red draconian
  8963 | Volcano  | Noticed an ogre mage
  8963 | Volcano  | Noticed a two-headed ogre
  8968 | Volcano  | Noticed a two-headed ogre
  8974 | Volcano  | Killed a two-headed ogre
  8980 | Volcano  | Mangled by a two-headed ogre

Illustrated notes

Levels and vault maps discovered:
D:1:      nagdon_arrival_double_spiral, layout_loops_ring,
          hellmonk_ecumenical_altar_prayer_group
D:2:      layout_loops_ring, basic_altar
D:3:      layout_loops_ring, kennysheep_small_spiral
D:4:      layout_layer_cave, nicolae_dithmenos_through_a_glass_darkly,
          lemuel_doored_altar, minmay_temple_entry_large_hall, uniq_natasha
D:5:      layout_basic
D:6:      layout_basic, nemelex_altar_shiori
D:7:      minmay_spotlight, layout_basic, old_standard_altar,
          corexii_item_surrounded_by_moat
D:8:      layout_gridville, cheibriados_altar_1, david_lair_shrubbed, uniq_pikel
D:9:      layout_cave_pools, zombieorc1_lemuel, minivault_5, uniq_grum
Temple:   minmay_temple_bridge_d
Lair:1:   layout_misc_corridors, nicolae_volcano_entry_lava_flow, minmay_holes
Volcano:  volcano_pools

Skill      XL: |  1  2  3  4  5  6  7  8  9 10 |
---------------+-------------------------------+-----
Stealth        | 3 4 5 6 7 9 10 | 10.3
Dodging        | 2 |  2.1
Shields        | 1 2 3 4 6 |  6.8
Spellcasting   | 3 4 5 7 8 |  8.0
Necromancy     | 5 6 8 |  8.8

Action                     |  1- 3 |  4- 6 |  7- 9 | 10-12 || total
---------------------------+-------+-------+-------+-------++-------
  Melee: Short sword       |    13 |       |       |       ||    13
         Bite              |     2 |    14 |    42 |     9 ||    67
         Dagger            |    16 |    58 |   114 |    41 ||   229
  Throw: Dart              |       |     4 |    30 |     3 ||    37
   Cast: Necrotise         |    59 |    60 |     9 |       ||   128
         Animate Dead      |       |       |     2 |     4 ||     6
         Agony             |       |       |       |     1 ||     1
  Evoke: Wand              |       |       |    12 |    10 ||    22
    Use: Scroll            |       |     5 |     9 |     2 ||    16
   Stab: Sleeping          |       |     1 |     6 |     3 ||    10
         Distracted        |       |       |     2 |       ||     2
 Armour: Robe              |     2 |    10 |    16 |     6 ||    34
  Dodge: Dodged            |    22 |    34 |    51 |    17 ||   124
  Block: Buckler           |       |       |    29 |    12 ||    41
